 Dungeon Crawl Stone Soup version 0.14.1-27-g0f46f74 (webtiles) character file.

14002 iuzpete the Thaumaturge (level 11, -1/57 HPs)
             Began as a Deep Elf Conjurer on Aug 24, 2014.
             Was a High Priest of Vehumet.
             Slain by a flying skull (2 damage)
             ... on Level 9 of the Dungeon.
             The game lasted 05:26:46 (13812 turns).

iuzpete the Thaumaturge (Deep Elf Conjurer)        Turns: 13812, Time: 05:26:49

HP  -1/57        AC  6     Str 14      XL: 11   Next: 76%
MP   1/33        EV 15     Int 25      God: Vehumet [*****.]
Gold 536         SH  0     Dex 15      Spells:  9 memorised,  2 levels left

rFire  + . .     SeeInvis +     y - +10,+6 dagger "Strelutt" {holy, rPois Int+3 SInv}
rCold  . . .     Clarity  .     Y - +2 robe
rNeg   . . .     Conserve +     (no shield)
rPois  +         rCorr    .     E - +1 hat {MR+}
rElec  .         rRot     .     o - +0 cloak
SustAb . .       Spirit   .     (no gloves)
rMut   .         Warding  .     (no boots)
Saprov . . .     Stasis   .     f - amulet "Necho" {Cons Str+2 Acc+3}
MR     +++..                    C - ring of protection from fire {unknown}
                                R - ring of protection from magic

@: mighty, drained, extremely resistant to hostile enchantments, stealthy
A: no striking features
a: Renounce Religion


You were on level 9 of the Dungeon.
You worshipped Vehumet.
Vehumet was extremely pleased with you.
You were not hungry.

You visited 3 branches of the dungeon, and saw 15 of its levels.
You also visited: Sewer and Ossuary.

You collected 536 gold pieces.

Inventory:

Hand weapons
 a - a +1,+4 sling of flame
 c - a +1,+2 dagger of venom
 e - a +2,+1 dagger of venom
 j - a +2,+1 war axe of freezing
 k - a cursed +3,+3 scimitar
 y - the +10,+6 dagger "Strelutt" (weapon) {holy, rPois Int+3 SInv}
   (You found it on level 4 of the Dungeon)

   It has been blessed by the Shining One to cause great damage to the undead
   and demons.
   It affects your intelligence (+3).
   It protects you from poison.
   It enhances your eyesight.
 U - a +2,+0 dagger of draining
Armour
 i - a +1 pair of gloves
 o - a +0 cloak (worn)
 E - a +1 hat of magic resistance (worn)
 Y - a +2 robe (worn)
Magical devices
 D - a wand of disintegration (12)
 O - a wand of flame (17) {unknown}
 P - a wand of enslavement (19)
Comestibles
 b - 2 bread rations
 h - a rotting chunk of elephant flesh
Scrolls
 d - a scroll of teleportation {unknown}
 m - a scroll of remove curse
Jewellery
 f - the amulet "Necho" (around neck) {Cons Str+2 Acc+3}
   (You found it on level 9 of the Dungeon)

   [amulet of conservation]

   It affects your strength (+2).
   It affects your accuracy with ranged weapons and melee attacks (+3).
 g - an uncursed amulet of the gourmand
 C - a ring of protection from fire (right hand) {unknown}
 R - a ring of protection from magic (left hand)
Potions
 X - a potion of might
Magical staves
 J - an uncursed staff of earth


   Skills:
 - Level 2.0(1.6) Fighting
 - Level 2.0(1.6) Short Blades
 - Level 6.1(5.7) Dodging
 - Level 3.7(3.3) Stealth
 + Level 11.3(10.8) Spellcasting
 + Level 11.1(10.6) Conjurations
 - Level 9.7(9.2) Hexes
 - Level 2.8(2.4) Charms
 - Level 3.7(3.3) Translocations
 - Level 10.2(9.7) Fire Magic


You had 2 spell levels left.
You knew the following spells:

 Your Spells              Type           Power        Failure   Level  Hunger
a - Magic Dart            Conj           ####         1%          1    None
b - Searing Ray           Conj           ######       1%          2    None
c - Dazzling Spray        Conj/Hex       ######..     1%          3    None
d - Iskenderun's Mystic   Conj           ######..     1%          4    None
e - Fulminant Prism       Conj/Hex       ######....   1%          4    None
f - Blink                 Tloc           N/A          1%          2    None
g - Shroud of Golubria    Chrm/Tloc      ####......   1%          2    None
h - Fireball              Conj/Fire      ######....   1%          5    ###....
i - Orb of Destruction    Conj           ######....   19%         7    #######


Dungeon Overview and Level Annotations

Branches:
Dungeon (12/15)            Temple (1/1) D:4             Orc (0/4) D:10
   Lair (2/8) D:11

Altars:
Ashenzari
Cheibriados
Dithmenos
Elyvilon
Fedhas
Kikubaaqudgha
Makhleb
Nemelex Xobeh
Okawaru
Sif Muna
Trog
Vehumet
Xom
Yredelemnul
Zin
The Shining One

Shops:
D:7 :

Annotations:
D:10 Josephine


Message History

Your shroud falls apart!
The flying skull hits you but does no damage.
Casting: Shroud of Golubria
Confirm with . or Enter, or press ? or * to list all spells.
Space distorts slightly along a thin shroud covering your body.
Your shroud bends the flying skull's attack away.
You hit the flying skull but do no damage.
The flying skull is heavily damaged.
The flying skull closely misses you.
The flying skull hits you but does no damage.
You barely miss the flying skull.
The flying skull is heavily damaged.
The flying skull misses you.
You hit the flying skull.
The flying skull convulses!
The flying skull is almost destroyed.
The flying skull hits you.
* * * LOW HITPOINT WARNING * * *
Your shroud falls apart!
The flying skull hits you.
You die...

.......##### #....>....##.......
.......# #.........##.......
#....).# #.....z...###.#####
##.....# #######.### #..##
.####'## #..# ##..# ###...# ##.#
#.## .###### #########.## #..#
...##.### #..........# ##'##
....#.'.# #..@z......# #....
...##.#.## #<.........# #....
.###..#..#####..........### #....
###...##..................###)...
.#....########..........#...'....
##'#### ########.#######....
##...# ###.# ###'# ###.# #...#
#.# ####.### #.### #..


You could see a flying skull.

Vanquished Creatures
  Gastronok (Lair:1)
  2 hill giants (D:10)
  An elephant (D:11)
  A cyclops (D:12)
  A queen ant (D:9)
  A kobold demonologist (D:12)
  A two-headed ogre (D:10)
  2 shadows (D:10)
  A basilisk (Lair:2)
  A flying skull (D:10)
  A hill giant zombie (D:9)
  6 yaks (D:10)
  A human (D:7)
  2 deep elf magi
  A hog (D:7)
  A hill giant skeleton (D:5)
  2 hungry ghosts
  5 soldier ants
  3 necrophages (D:10)
  The ghost of notcluie the Insei, an average TeTm (D:4)
  9 orc warriors
  7 ogres
  2 sky beasts
  2 centaurs
  Sigmund (D:7)
  2 crocodiles
  2 elf zombies (Ossuary)
  4 big kobolds
  2 giant frogs
  A scorpion (D:4)
  4 jellies
  An electric eel (D:10)
  A hippogriff skeleton (D:10)
  4 wights (D:11)
  8 killer bees
  3 crimson imps
  2 quasits
  2 centaur zombies
  A big fish (D:10)
  2 human zombies (Ossuary)
  3 hounds
  27 worker ants
  12 orc priests
  A giant frog skeleton (D:6)
  17 orc wizards
  Jessica (D:2)
  3 sheep (D:7)
  2 hound zombies (D:10)
  2 big kobold zombies
  Terence (D:2)
  2 mummies (Ossuary)
  A hound skeleton (D:7)
  10 gnolls
  13 adders
  2 giant mites
  2 shadow imps
  4 worms
  An adder zombie (Ossuary)
  3 orc skeletons
  4 giant eyeballs
  2 giant geckos
  2 oozes
  70 orcs
  A ball python (D:3)
  A bat zombie (D:5)
  12 giant cockroaches
  5 goblins
  20 hobgoblins
  12 jackals
  6 quokkas
  15 bats
  A giant cockroach zombie (D:5)
  A giant gecko skeleton (D:5)
  7 giant newts
  A giant newt skeleton (D:4)
  A giant spore (D:10)
  A goblin skeleton (D:4)
  A goblin zombie (Ossuary)
  7 hobgoblin zombies (Ossuary)
  A jackal zombie (Ossuary)
  27 kobolds
  2 kobold skeletons
  8 kobold zombies (Ossuary)
  11 orc zombies (Ossuary)
  16 rats
  3 rat zombies
  11 ballistomycetes (D:10)
451 creatures vanquished.

Vanquished Creatures (collateral kills)
  A soldier ant (D:9)
1 creature vanquished.

Vanquished Creatures (others)
  99 fulminant prisms
99 creatures vanquished.

Grand Total: 551 creatures vanquished

Notes
Turn   | Place    | Note
--------------------------------------------------------------
     0 | D:1      | iuzpete, the Deep Elf Conjurer, began the quest for the Orb.
     0 | D:1      | Reached XP level 1. HP: 10/10 MP: 5/5
   715 | D:1      | Reached XP level 2. HP: 15/15 MP: 4/8
  1130 | D:2      | Noticed Jessica
  1138 | D:2      | Killed Jessica
  1138 | D:2      | Reached skill level 5 in Conjurations
  1138 | D:2      | Reached XP level 3. HP: 11/19 MP: 5/12
  1189 | D:2      | Learned a level 2 spell: Searing Ray
  1193 | D:2      | Learned a level 3 spell: Dazzling Spray
  1466 | D:2      | Noticed Terence
  1474 | D:2      | Killed Terence
  1675 | D:2      | Reached XP level 4. HP: 24/24 MP: 11/15
  2401 | D:3      | Reached skill level 5 in Spellcasting
  2427 | D:3      | Learned a level 4 spell: Iskenderun's Mystic Blast
  3077 | D:4      | Noticed notcluie's ghost (average TeTm)
  3298 | D:4      | Reached XP level 5. HP: 26/28 MP: 8/19
  3431 | D:4      | Learned a level 4 spell: Fulminant Prism
  3580 | D:4      | Got a pitted dagger
  3759 | D:4      | Reached XP level 6. HP: 32/32 MP: 16/21
  3784 | D:4      | Reached skill level 5 in Hexes
  3831 | D:4      | Identified the +10,+6 dagger "Strelutt" {holy, rPois Int+3 SInv} (You found it on level 4 of the Dungeon)
  4028 | D:4      | Killed notcluie's ghost
  4028 | D:4      | Reached skill level 1 in Short Blades
  4075 | D:4      | Found a staircase to the Ecumenical Temple.
  4102 | Temple   | Entered the Ecumenical Temple
  4228 | Temple   | Became a worshipper of Vehumet
  4327 | D:4      | Reached XP level 7. HP: 36/36 MP: 17/23
  4466 | D:5      | Entered Level 5 of the Dungeon
  4618 | D:5      | Learned a level 2 spell: Blink
  4682 | D:5      | Found a glowing drain.
  4687 | D:5      | Reached skill level 1 in Translocations
  4751 | Sewer    | Entered a sewer
  5025 | D:5      | Reached skill level 6 in Conjurations
  5180 | D:5      | Acquired Vehumet's first power
  5180 | D:5      | Offered knowledge of Shock by Vehumet.
  5274 | D:5      | Learned a level 2 spell: Shroud of Golubria
  5784 | D:5      | Reached XP level 8. HP: 15/41 MP: 15/25
  6018 | D:6      | Reached skill level 1 in Charms
  6190 | D:6      | Offered knowledge of Sandblast by Vehumet.
  6237 | D:6      | Got a dazzling short sword
  6250 | D:6      | Identified the +5,+7 short sword of Amorality {slice, Int+3 Stlth} (You found it on level 6 of the Dungeon)
  6415 | D:6      | Reached skill level 1 in Fighting
  6415 | D:6      | Reached skill level 7 in Spellcasting
  6806 | D:7      | Offered knowledge of Stone Arrow by Vehumet.
  7011 | D:7      | Noticed Sigmund
  7016 | D:7      | Killed Sigmund
  7164 | D:7      | Found Zoess' Book Boutique.
  7185 | D:7      | Acquired Vehumet's second power
  7185 | D:7      | Reached XP level 9. HP: 48/48 MP: 21/28
  7240 | D:7      | Reached skill level 5 in Dodging
  7523 | D:8      | Learned a level 5 spell: Fireball
  7865 | D:8      | Reached skill level 8 in Spellcasting
  7896 | D:8      | Found a sand-covered staircase.
  7906 | Ossuary  | Entered an ossuary
  8033 | Ossuary  | Offered knowledge of Airstrike by Vehumet.
  8138 | Ossuary  | Acquired Vehumet's third power
  8138 | Ossuary  | Reached skill level 1 in Fire Magic
  8288 | D:8      | Offered knowledge of Venom Bolt by Vehumet.
  8881 | D:9      | Got a shimmering golden amulet
  8948 | D:9      | Paralysed by a giant eyeball for 4 turns
  9039 | D:9      | Reached skill level 5 in Fire Magic
  9044 | D:9      | Noticed a queen ant
  9061 | D:9      | Reached XP level 10. HP: 53/53 MP: 3/29
  9198 | D:9      | Reached skill level 9 in Conjurations
  9270 | D:9      | Killed a queen ant
  9570 | D:9      | Identified the amulet "Necho" {Cons Str+2 Acc+3} (You found it on level 9 of the Dungeon)
  9922 | D:9      | Offered knowledge of Force Lance by Vehumet.
 10191 | D:10     | Entered Level 10 of the Dungeon
 10332 | D:10     | Reached skill level 10 in Conjurations
 10590 | D:10     | Found a staircase to the Orcish Mines.
 10841 | D:10     | Paralysed by a giant eyeball for 4 turns
 10896 | D:10     | Noticed a hill giant
 10905 | D:10     | Killed a hill giant
 10905 | D:10     | Reached skill level 10 in Fire Magic
 10975 | D:10     | Noticed a hill giant
 11108 | D:10     | Killed a hill giant
 11108 | D:10     | Reached XP level 11. HP: 57/57 MP: 2/31
 12796 | D:11     | You fall through a shaft!
 12868 | D:12     | Reached skill level 10 in Spellcasting
 13076 | D:11     | Offered knowledge of Orb of Destruction by Vehumet.
 13097 | D:11     | Learned a level 7 spell: Orb of Destruction
 13169 | D:11     | Found a staircase to the Lair.
 13188 | Lair:1   | Entered Level 1 of the Lair of Beasts
 13191 | Lair:1   | Noticed Gastronok
 13218 | Lair:1   | Killed Gastronok
 13565 | D:11     | Reached skill level 11 in Spellcasting
 13758 | D:10     | Noticed Josephine
 13765 | D:10     | Noticed a skeletal warrior
 13812 | D:9      | HP: 1/57 [flying skull (5)]
 13812 | D:9      | Slain by a flying skull

Action                   |  1- 3 |  4- 6 |  7- 9 | 10-12 || total
-------------------------+-------+-------+-------+-------++-------
Melee: Unarmed           |     2 |     2 |       |       ||     4
       Dagger            |       |    16 |    42 |   197 ||   255
 Cast: Magic Dart        |    59 |   150 |   293 |   147 ||   649
       Searing Ray       |     2 |     4 |    19 |    12 ||    37
       Dazzling Spray    |       |     2 |     1 |     3 ||     6
       Fulminant Prism   |       |     1 |    33 |    65 ||    99
       Blink             |       |       |     6 |    13 ||    19
       Shroud of Golubri |       |       |    13 |    33 ||    46
       Fireball          |       |       |     5 |    54 ||    59
       Iskenderun's Myst |       |       |       |     2 ||     2
Evoke: Wand              |       |       |       |     7 ||     7
  Use: Scroll            |       |     3 |     7 |     4 ||    14
       Potion            |       |     2 |     1 |     8 ||    11
 Stab: Sleeping          |       |       |       |     2 ||     2
